 Dungeon Crawl Stone Soup version 0.29-a0-559-g359e09b9d1 (webtiles) character file.

Game seed: 18296605270240715397

8 spiderkeys the Ducker (level 2, -1/18 HPs)
             Began as a Deep Elf Abyssal Knight on June 10, 2022.
             Was a Believer of Lugonu.
             Frozen to death by an endoplasm (5 damage)
             ... on level 1 of the Dungeon.
             The game lasted 00:00:58 (380 turns).

spiderkeys the Ducker (Deep Elf Abyssal Knight)      Turns: 380, Time: 00:00:59

Health: -1/18      AC:  6    Str: 10    XL:     2   Next: 0%
Magic:  5/5        EV: 10    Int: 20    God:    Lugonu [**....]
Gold:   5          SH:  3    Dex: 15    Spells: 2/2 levels left

rFire   . . .      SeeInvis .   a - +1 short sword
rCold   . . .      Faith    .   h - +0 buckler
rNeg    . . .      Spirit   .   c - +0 ring mail
rPois   .          Reflect  .   (no helmet)
rElec   .          Harm     .   (no cloak)
rCorr   .          Rampage  .   g - +0 pair of gloves
Will    .....                   (no boots)
Stlth   +.........              (no amulet)
HPRegen 0.06/turn               I - +6 ring of intelligence
MPRegen 0.09/turn               (no ring)

@: no status effects
A: no striking features
a: Renounce Religion, Depart the Abyss, Bend Space


You were on level 1 of the Dungeon.
You worshipped Lugonu.
Lugonu was pleased with you.
You visited 1 branch of the dungeon, and saw 1 of its levels.
You visited the Abyss 1 time.

You collected 5 gold pieces.


   Skills:
 + Level 2.5 Fighting
 - Level 2.0 Short Blades
 - Level 0.7 Armour
 + Level 2.6 Dodging
 + Level 0.1 Shields
 + Level 0.9 Spellcasting
 + Level 2.2 Invocations


You had 2 spell levels left.
You didn't know any spells.
Your spell library was empty.

Inventory:

Hand Weapons
 a - a +1 short sword (weapon)
Missiles
 e - 25 stones
 j - 5 poisoned darts
Armour
 b - a +0 leather armour
 c - a +0 ring mail (worn)
   (You found it on level 1 of the Dungeon)
 d - a +0 leather armour
   (You found it on level 1 of the Dungeon)
 g - a +0 pair of gloves (worn)
   (You found it on level 1 of the Dungeon)
 h - a +0 buckler (worn)
   (You found it on level 1 of the Dungeon)
 i - a +0 ring mail
   (You found it on level 1 of the Dungeon)
Jewellery
 I - a +6 ring of intelligence (left hand)
   (You found it on level 1 of the Dungeon)
Scrolls
 f - 2 scrolls of teleportation {@r4}

Dungeon Overview and Level Annotations

Branches:
Dungeon (1/15)

Altars:

#....†.....##...#
####+###...⌠.⌠.⌠..##....
#.................##....
...)........_....###...
..............### #...
###..###......⌠## #...
#....#)#........# #...
#J##........# ##...
#.#@.........###....
#J##..........'.+....
#S#............###....
#g##............# #....
Sr#..............# #....
g..#..............#
#.... (?
#..............# #....
#.....########.# #....
#.# #....


You could see an endoplasm.


Message History

A ball python comes into view.
The ball python hisses angrily.
A ball python is nearby!
The ball python barely misses you. x2
You hit the ball python. You block the ball python's attack.
The ball python grabs you. The ball python constricts you.
You hit the ball python but do no damage.
The ball python bites you but does no damage.
The ball python constricts you.
You barely miss the ball python.
The ball python bites you but does no damage.
The ball python constricts you.
A ball python is nearby!
You hit the ball python. The ball python barely misses you.
The ball python constricts you.
The ball python bites you but does no damage.
The ball python constricts you.
You closely miss the ball python. The ball python closely misses you.
The ball python constricts you.
You barely miss the ball python.
The ball python bites you but does no damage.
The ball python constricts you. 😕 HP[-1]
You take 1 damage, and now have 12/13 hp.
You hit the ball python.
You kill the ball python!
Lugonu accepts your kill.
No target in view!
e - 25 stones (gained 20)
Found a faded altar of an unknown god. 😎 HP[+1]
Your hp is fully restored (13).
You open the door.
A giant cockroach comes into view.
A giant cockroach is nearby!
A giant cockroach is nearby!
You see here a +0 ring mail.
The giant cockroach closely misses you. You block the giant cockroach's attack.
You hit the giant cockroach but do no damage.
The giant cockroach bites you but does no damage.
You hit the giant cockroach. The giant cockroach barely misses you.
You hit the giant cockroach. You block the giant cockroach's attack.
You barely miss the giant cockroach. You block the giant cockroach's attack.
The giant cockroach barely misses you.
You hit the giant cockroach.
You kill the giant cockroach!
Lugonu accepts your kill.
No target in view!
No target in view!
i - a +0 ring mail
j - 5 poisoned darts A quokka, an endoplasm, a ball python, a goblin and a rat come into view.
The endoplasm quivers.
The ball python hisses angrily.
The goblin shouts!
A ball python comes into view.
There are monsters nearby!
There are monsters nearby!
The ball python hisses angrily.
You closely miss the quokka. The quokka completely misses you.
The quokka bites you but does no damage.
You hit the quokka.
A goblin comes into view. It is wielding a +0 club.
The quokka bites you. 😮 HP[-4]
You take 4 damage, and now have 9/13 hp.
MASSIVE DAMAGE!! (PAUSE)
You are too injured to fight recklessly!
You are too injured to fight recklessly!
You are too injured to fight recklessly!
You hit the quokka. The quokka bites you.
* * * LOW HITPOINT WARNING * * *
😨 HP[-4]
You take 4 damage, and now have 5/13 hp.
MASSIVE DAMAGE!! (PAUSE)
You closely miss the quokka.
The quokka bites you but does no damage.
You closely miss the quokka. The quokka bites you.
* * * LOW HITPOINT WARNING * * *
The quokka barely misses you.
You hit the quokka.
You kill the quokka!
Lugonu accepts your kill.
You have reached level 2! 😨 HP[+2] MP[+1]
You now have 18 max hp (+5).
You regained 2 hp, and now have 7/18 hp.
Your mp is fully restored (5).
You hit the endoplasm but do no damage. You block the endoplasm's attack.
You hit the endoplasm.
The endoplasm hits you but does no damage.
You hit the endoplasm but do no damage. The endoplasm hits you.
* * * LOW HITPOINT WARNING * * *
😱 HP[-3]
You take 3 damage, and now have 4/18 hp.
Unknown command.
You barely miss the endoplasm. The endoplasm freezes you.
You are frozen.
You die...

Action                   || total
-------------------------++-------
Melee: Short sword       ||    34
  Use: Scroll            ||     1
Armor: Ring mail         ||    10
       Leather armour    ||     2
Dodge: Dodged            ||    14
Block: Buckler           ||     5

Levels and vault maps discovered:
D:1:      noname_arrival_rooms_in_the_neighbourhood, layout_basic,
          hellmonk_ecumenical_altar_run_dry, minmay_vboxes

Notes
Turn   | Place    | Note
-------+----------+-------------------------------------------
     0 | Abyss:1  | spiderkeys the Deep Elf Abyssal Knight began the quest for
                  | the Orb.
     0 | Abyss:1  | Reached XP level 1. HP: 13/13 MP: 4/4
     0 | Abyss:1  | magus.rc [v1.11.3]
    14 | D:1      | You pass through the gate.
    14 | D:1      | Escaped the Abyss
   341 | D:1      | Found a faded altar of an unknown god.
   377 | D:1      | Reached XP level 2. HP: 7/18 MP: 5/5
   379 | D:1      | HP: 4/18 [endoplasm (3)]
   380 | D:1      | Frozen to death by an endoplasm

Vanquished Creatures
  2 ball pythons (D:1)
  A giant cockroach (D:1)
  A quokka (D:1)
  A bat (D:1)
  2 kobolds (D:1)
  A rat (D:1)
8 creatures vanquished.

Table legend:
 A = Non-vault XP
 B = Vault XP
 C = Vault XP percentage of total XP
 D = Non-vault monster count
 E = Vault monster count
 F = Vault count percentage of total count
                 A         B        C        D         E       F
            +---------+---------+-------+---------+---------+-------
      Total |      10 |       2 |  16.7 |       7 |       1 |  12.5
            +---------+---------+-------+---------+---------+-------
        D:1 |      10 |       2 |  16.7 |       7 |       1 |  12.5
            +---------+---------+-------+---------+---------+-------

Illustrated notes

Table legend:
 A = Kills in this place as a percentage of kills in entire the game.
 B = Kills by you in this place as a percentage of kills by you in the entire game.
 C = Kills by friends in this place as a percentage of kills by friends in the entire game.
 D = Other kills in this place as a percentage of other kills in the entire game.
 E = Experience gained in this place as a percentage of experience gained in the entire game.
 F = Experience gained in this place divided by the number of levels of this place that you have seen.
                   A       B       C       D       E      F
               +-------+-------+-------+-------+-------+----------------------
         Total | 100.0 | 100.0 |   N/A |   N/A | 100.0 |   6.0
       Dungeon | 100.0 | 100.0 |   N/A |   N/A | 100.0 |  12.0
               +-------+-------+-------+-------+-------+----------------------

Table legend: (Time is in decaauts)
 A = Elapsed time spent in this place.
 B = Non-inter-level travel time spent in this place.
 C = Inter-level travel time spent in this place.
 D = Time resting spent in this place.
 E = Time spent auto-exploring this place.
 F = Levels seen in this place.
 G = Mean time per level.
                   A        B        C        D        E       F      G
               +--------+--------+--------+--------+--------+-----+--------+
         Total |    380 |    380 |      0 |      0 |    279 |   2 |  190.0 |
       Dungeon |    366 |    366 |      0 |      0 |    270 |   1 |  366.0 |
         Abyss |     14 |     14 |      0 |      0 |      9 |   1 |   14.0 |
               +--------+--------+--------+--------+--------+-----+--------+

Top non-repeatable levels by time:
     D:1: 366 daAuts
 Abyss:1: 14 daAuts
